 Dungeon Crawl Stone Soup version 0.28-a0-1382-g92835e5c71 (webtiles) character file.

Game seed: 3732818621666442498

52 esteth the Magician (level 3, -1/25 HPs)
             Began as a Demonspawn Hedge Wizard on Jan 1, 2022.
             Slain by an orc priest (3 damage)
             ... on level 3 of the Dungeon.
             The game lasted 00:05:50 (2262 turns).

esteth the Magician (Demonspawn Hedge Wizard)       Turns: 2262, Time: 00:05:50

Health: -1/25      AC:  4    Str: 10    XL:     3   Next: 60%
Magic:  7/8        EV: 12    Int: 17    God:
Gold:   129        SH:  0    Dex: 12    Spells: 8/9 levels left

rFire   . . .      SeeInvis .   h - +0 whip (elec)
rCold   . . .      Faith    .   (no shield)
rNeg    . . .      Spirit   .   b - +0 robe
rPois   .          Reflect  .   c - +0 hat
rElec   .          Harm     .   (no cloak)
rCorr   .          Rampage  .   (no gloves)
Will    .....                   (no boots)
Stlth   ++........              (no amulet)
HPRegen 0.08/turn               (no ring)
MPRegen 0.11/turn               (no ring)

@: no status effects
A: claws 1, icy blue scales 1
a: no special abilities


You were on level 3 of the Dungeon.
You visited 1 branch of the dungeon, and saw 3 of its levels.

You collected 129 gold pieces.

Inventory:

Hand Weapons
 h - a +0 whip of electrocution (weapon)
Armour
 b - a +0 robe (worn)
 c - a +0 hat (worn)
Scrolls
 i - a scroll of identify
Potions
 e - a potion of heal wounds {unknown}
 f - a potion of haste {unknown}
 j - a potion of resistance {unknown}


   Skills:
 + Level 0.5 Fighting
 + Level 0.4 Armour
 + Level 2.0 Dodging
 - Level 1.9 Stealth
 + Level 3.5 Spellcasting
 - Level 1.9 Conjurations
 - Level 1.1 Summonings
 - Level 1.1 Translocations


You had 8 spell levels left.
You knew the following spells:

 Your Spells              Type           Power      Damage    Failure   Level
a - Magic Dart            Conj           36%        1d4       8%          1

Your spell library contained the following spells:

 Spells                   Type           Power      Damage    Failure   Level
 Blink                    Tloc           12%        N/A       16%         2
 Call Imp                 Summ           6%         N/A       16%         2
 Slow                     Hex            12%        N/A       17%         1
 Static Discharge         Conj/Air       6%         N/A       17%         2
 Conjure Flame            Conj/Fire      6%         6-21      32%         3
 Mephitic Cloud           Conj/Pois/Air  5%         N/A       36%         3
 Lightning Bolt           Conj/Air       3%         1d14      97%         5
 Maxwell's Capacitive Co  Air            1%         ∞         100%        8


Dungeon Overview and Level Annotations

Branches:
Dungeon (3/15)

Altars:
Ru
Beogh


Innate Abilities, Weirdness & Mutations

You have sharp fingernails.
You are partially covered in icy blue scales. (AC +2)


Message History

The orc hits you but does no damage. Something hits you but does no damage.
Something hits you.
* * * LOW HITPOINT WARNING * * *
Your surroundings suddenly seem different.
An orc and 2 orc priests come into view.
Found 54 gold pieces and a bubbling silvery potion.
Found a roughly hewn altar of Beogh.
The orc priest shouts!
The orc shouts!
As you read the scroll labelled MEYTAUN UXOLO, it crumbles to dust.
It is a scroll of identify.
d - 2 potions of curing The orc misses you.
You feel better.
The orc priest shouts!
The orc hits you with a +0 club.
* * * LOW HITPOINT WARNING * * *
You feel better. The orc priest closely misses you.
The orc priest hits you with a +0 dagger.
The orc barely misses you.
You hit the orc priest but do no damage.
The orc priest barely misses you.
The orc priest looks satisfied for a moment.
The orc hits you with a +0 club.
You completely miss the orc priest. The orc priest closely misses you.
The orc priest looks braver for a moment.
The orc closely misses you.
You barely miss the orc priest.
The orc priest invokes the aid of Beogh against you.
Pain shoots through your body!
* * * LOW HITPOINT WARNING * * *
The orc priest hits you but does no damage.
The orc barely misses you.
You hit the orc priest.
The orc priest is moderately wounded.
The orc priest hits you but does no damage.
The orc priest barely misses you. The orc hits you but does no damage.
You hit the orc priest but do no damage.
The orc priest is moderately wounded.
The orc priest hits you with a +0 mace.
You die...

### .. #### #.#
##._$## .. #$8.8$#
#.## #...oo#######..#
###
#$8.8@#..<.###.####...
##!.o#####.....)......
##+# ######.......
#..########....##...
###.#................
.#................###.
...#...............#
...................#
........>........).###


You could see 2 orc priests and an orc.

Vanquished Creatures
  An adder (D:3)
  A worm (D:2)
  A dart slug (D:2)
  An endoplasm (D:2)
  5 giant cockroaches (D:1)
  4 goblins
  3 hobgoblins
  3 quokkas (D:1)
  2 ball pythons (D:1)
  6 bats
  4 frilled lizards (D:1)
  3 kobolds
  3 rats
37 creatures vanquished.

Notes
Turn   | Place    | Note
-------+----------+-------------------------------------------
     0 | D:1      | esteth the Demonspawn Hedge Wizard began the quest for the
                  | Orb.
     0 | D:1      | Reached XP level 1. HP: 13/13 MP: 4/4
    58 | D:1      | Reached skill level 1 in Translocations
   103 | D:1      | Found a faded altar of an unknown god.
   219 | D:1      | Gained mutation: You are partially covered in icy blue
                  | scales. (AC +2) [demonic ancestry]
   219 | D:1      | Reached XP level 2. HP: 18/19 MP: 0/6
  1017 | D:1      | Gained mutation: You have sharp fingernails. [demonic
                  | ancestry]
  1017 | D:1      | Reached XP level 3. HP: 24/24 MP: 7/7
  2118 | D:3      | Found a sacrificial altar of Ru.
  2253 | D:3      | HP: 1/25 [something (3)]
  2262 | D:3      | Slain by an orc priest

Illustrated notes

Levels and vault maps discovered:
D:1:      minmay_arrival_four_loops, layout_loops_cross,
          hellmonk_ecumenical_altar_heavens_door, minmay_tree_intersection
D:2:      layout_loops_ring, ebering_dispersal_statue_hall
D:3:      layout_rooms, nicolae_ru_great_annihilating_truth, zin_angel,
          mainiacjoe_overflow_alcove_2, kennysheep_cross_bottleneck,
          kennysheep_orc_chapel

Skill      XL: |  1  2  3 |
---------------+----------+-----
Translocations | 1 |  1.1
Dodging        | 2 |  2.0
Fighting       | |  0.5
Armour         | |  0.4
Stealth        | |  1.9
Spellcasting   | |  3.5
Conjurations   | |  1.9
Summonings     | |  1.1

Action                   || total
-------------------------++-------
Melee: Dagger            ||    22
       Whip              ||    56
 Cast: Magic Dart        ||    59
  Use: Scroll            ||     3
       Potion            ||     2
 Stab: Sleeping          ||     3
Armor: Robe              ||    24
Dodge: Dodged            ||    61

Table legend: (Time is in decaauts)
 A = Elapsed time spent in this place.
 B = Non-inter-level travel time spent in this place.
 C = Inter-level travel time spent in this place.
 D = Time resting spent in this place.
 E = Time spent auto-exploring this place.
 F = Levels seen in this place.
 G = Mean time per level.
                   A        B        C        D        E       F      G
               +--------+--------+--------+--------+--------+-----+--------+
         Total |   2266 |   2225 |     41 |    499 |   1445 |   3 |  755.3 |
       Dungeon |   2266 |   2225 |     41 |    499 |   1445 |   3 |  755.3 |
               +--------+--------+--------+--------+--------+-----+--------+

Top non-repeatable levels by time:
     D:1: 1335 daAuts
     D:2: 684 daAuts
     D:3: 246 daAuts
